[Event "*** SCC Grand Prix: Titled Tuesday Blitz"]
[Site "Chess.com"]
[Date "2020.09.08"]
[Round "10"]
[White "aliba25"]
[Black "Spriteball"]
[Result "1-0"]
[WhiteElo "2578"]
[BlackElo "2287"]
[TimeControl "180+1"]
[EndTime "11:53:23 PDT"]
[Termination "aliba25 won by resignation"]

1. d4 d5 2. c4 c6 3. Nf3 Nf6 4. e3 e6 5. Bd3 Nbd7 6. O-O Bd6 7. Nbd2 O-O 8. e4 dxe4 9. Nxe4 Nxe4 10. Bxe4 Nf6 11. Bc2 b6 12. Bg5 h6 13. Bh4 c5 14.
Qd3 g6 15. dxc5 Be7 16. cxb6 Qxd3 17. Bxd3 axb6 18. Ne5 Kg7 19. Be2 g5 20. Bg3 Ne4 21. Rfd1 Bf6 22. Bf3 Bb7 23. Nd7 Rfd8 24. Nxf6 Kxf6 25.
Rxd8 Rxd8 26. Bc7 Rd2 27. b3 g4 28. Bxe4 Bxe4 29. Bxb6 h5 30. a4 Bc2 31. b4 Bxa4 32.
h3 gxh3 33. Rxa4 1-0

[Event "*** SCC Grand Prix: Titled Tuesday Blitz"]
[Site "Chess.com"]
[Date "2020.09.08"]
[Round "10"]
[White "gmpeter008"]
[Black "DrMamaliga"]
[Result "0-1"]
[WhiteElo "2364"]
[BlackElo "2235"]
[TimeControl "180+1"]
[EndTime "11:53:32 PDT"]
[Termination "DrMamaliga won by resignation"]

1. c4 c5 2. Nf3 Nc6 3. d4 cxd4 4. Nxd4 g6 5. Nc3 Bg7 6. Nc2 Bxc3+ 7. bxc3 Nf6 8. f3 d6 9. e4 Qa5 10. Bd2 O-O 11. Ne3 Ne5 12. Nd5 Nxd5 13. cxd5 Qc5 14. h4 h5 15. Qc1 Bd7 16. Be3 Qa5 17. Bd4 Rac8 18. Be2 Bb5 19. g4 Bxe2 20. Kxe2 Qb5+ 21. Kd2 Qd3+ 22. Ke1 Nxf3+ 23. Kf2 Nxd4 0-1

[Event "*** SCC Grand Prix: Titled Tuesday Blitz"]
[Site "Chess.com"]
[Date "2020.09.08"]
[Round "10"]
[White "francyIM"]
[Black "bratkoo"]
[Result "1-0"]
[WhiteElo "2716"]
[BlackElo "2510"]
[TimeControl "180+1"]
[EndTime "11:53:44 PDT"]
[Termination "francyIM won by checkmate"]

1. d4 Nf6 2. c4 e6 3. Nc3 d5 4.
cxd5 exd5 5. Bg5 c6 6. e3 Be7 7. Bd3 O-O 8. Nf3 Nbd7 9. Qc2 Re8 10. O-O Nf8 11. h3 g6 12. Ne5 Ne6 13. Bh6 Ng7 14.
g4 Nd7 15. f4 Nxe5 16. fxe5 Bg5 17. Bxg5 Qxg5 18. Qf2 Be6 19. Ne2 h5 20. Qf4 Qh4 21. Qf6 Qxh3 22. Rf3 Qxf3 23. Qxf3 Bxg4 24. Qf2 Rf8 25.
Nf4 Rae8 26. Qh4 Nf5 27. Bxf5 Bxf5 28. Qf6 Be4 29. Kh2 Kh7 30. Rg1 Kh6 31. Nxh5 Kxh5 32. Qg5# 1-0

[Event "*** SCC Grand Prix: Titled Tuesday Blitz"]
[Site "Chess.com"]
[Date "2020.09.08"]
[Round "10"]
[White "elegant285"]
[Black "Jojo_1608"]
[Result "1-0"]
[WhiteElo "2339"]
[BlackElo "2191"]
[TimeControl "180+1"]
[EndTime "11:53:46 PDT"]
[Termination "elegant285 won by resignation"]

1. d4 Nf6 2. Bf4 g6 3. Nc3 d5 4. h4 Bg7 5. e3 h5 6. Nf3 O-O 7. Ne5 Nbd7 8. Be2 c6 9. Bf3 Nxe5 10. Bxe5 Bg4 11. Qe2 b5 12. O-O b4 13. Na4 Bxf3 14.
Qxf3 Ne4 15. Bxg7 Kxg7 16. b3 e6 17. Qe2 Qxh4 18. c4 bxc3 19. Rac1 f5 20. Nxc3 Rac8 21. Qa6 Nf6 22. f3 Rf7 23. Qxc8 Qg5 24. Qxe6 1-0

[Event "*** SCC Grand Prix: Titled Tuesday Blitz"]
[Site "Chess.com"]
[Date "2020.09.08"]
[Round "10"]
[White "RamyresCoelho"]
[Black "IngOscarArdila"]
[Result "1-0"]
[WhiteElo "1832"]
[BlackElo "2133"]
[TimeControl "180+1"]
[EndTime "11:53:47 PDT"]
[Termination "RamyresCoelho won on time"]

1. e4 e5 2. Nf3 Nc6 3. d4 exd4 4. Bc4 Be7 5. Nxd4 Nf6 6. Nc3 O-O 7. O-O Ne5 8. Be2 d5 9. f4 Ng6 10. e5 Ne4 11. Nxe4 dxe4 12. Be3 c6 13. Qe1 Bc5 14. c3 Qb6 15. b4 Bxd4 16. Bxd4 Qc7 17. Qg3 Re8 18.
h4 1-0

[Event "*** SCC Grand Prix: Titled Tuesday Blitz"]
[Site "Chess.com"]
[Date "2020.09.08"]
[Round "10"]
[White "M1711"]
[Black "indfraeng"]
[Result "1-0"]
[WhiteElo "2496"]
[BlackElo "2335"]
[TimeControl "180+1"]
[EndTime "11:54:04 PDT"]
[Termination "M1711 won by resignation"]

1. e4 e5 2. d4 exd4 3. c3 d3 4. Bxd3 Nc6 5. Nf3 Bc5 6. O-O d6 7. a4 a5 8. h3 Nge7 9. Bg5 O-O 10. Na3 h6 11. Bh4 Be6 12. Nb5 Qd7 13. Bg3 Ng6 14. Nfd4 Nge5 15. Be2 Nc4 16. Nxe6 Qxe6 17. Nxc7 Qxe4 18.
Nxa8 Rxa8 19. Bd3 Qe6 20. Re1 N6e5 21. Bxe5 dxe5 22. Qb3 Qf6 23. Bxc4 Bxf2+ 24. Kh1 Bxe1 25. Rxe1 Rd8 26. Rf1 1-0

[Event "*** SCC Grand Prix: Titled Tuesday Blitz"]
[Site "Chess.com"]
[Date "2020.09.08"]
[Round "10"]
[White "ErikRonka"]
[Black "geordie_derraugh"]
[Result "0-1"]
[WhiteElo "2258"]
[BlackElo "2401"]
[TimeControl "180+1"]
[EndTime "11:54:04 PDT"]
[Termination "geordie_derraugh won by resignation"]

1. e4 c5 2. Nf3 d6 3. d4 cxd4 4. Nxd4 Nf6 5. Nc3 a6 6. Be3 e5 7. Nb3 Be6 8. f3 Nbd7 9. g4 b5 10. g5 Nh5 11. Qd2 Nb6 12. Nd5 Bxd5 13. exd5 Rc8 14. Na5 Qc7 15. Bh3 Ra8 16. Nc6 Nc4 17.
Qc1 Nxe3 18. Qxe3 Nf4 19. O-O-O Nxh3 20. Rde1 Be7 21. f4 Nxf4 0-1

[Event "*** SCC Grand Prix: Titled Tuesday Blitz"]
[Site "Chess.com"]
[Date "2020.09.08"]
[Round "10"]
[White "chessmadara"]
[Black "floplover"]
[Result "0-1"]
[WhiteElo "1963"]
[BlackElo "2305"]
[TimeControl "180+1"]
[EndTime "11:54:08 PDT"]
[Termination "floplover won by resignation"]

1. e4 c6 2. Nc3 d5 3. Nf3 Nf6 4. e5 Ne4 5. Ne2 Qb6 6. d4 e6 7.
Ng3 c5 8. c3 Nc6 9. Bd3 cxd4 10. cxd4 Bb4+ 11. Bd2 Nxg3 12. hxg3 Nxd4 13. Nxd4 Qxd4 14.
Qa4+ Bd7 15. Qxb4 Qxd3 16. Qxb7 Rc8 17. Qxa7 Rc2 18. Qe3 Qc4 19. b3 Qa6 20. a4 O-O 21. b4 Qc4 22. b5 Ra8 23. Rh4 Qc7 24. Qd3 g6 25. Qe3 Bxb5 26. Qh6 Qxe5+ 27. Be3 Qxa1+ 0-1

[Event "*** SCC Grand Prix: Titled Tuesday Blitz"]
[Site "Chess.com"]
[Date "2020.09.08"]
[Round "10"]
[White "mortngabriel"]
[Black "MVM2008"]
[Result "0-1"]
[WhiteElo "2373"]
[BlackElo "2287"]
[TimeControl "180+1"]
[EndTime "11:54:12 PDT"]
[Termination "MVM2008 won by resignation"]

1. e4 c5 2. Nf3 d6 3. Bb5+ Bd7 4. Bxd7+ Nxd7 5. c4 Ngf6 6. Nc3 g6 7. d4 cxd4 8. Nxd4 Bg7 9. O-O Rc8 10. b3 a6 11.
Bb2 O-O 12. Rc1 Qc7 13. Re1 Nc5 14. Nd5 Nxd5 15. exd5 Qd8 16. Qe2 Re8 17. h4 e5 18.
dxe6 Nxe6 19. Nf3 Nf4 20. Qd2 Bxb2 21. Qxb2 Nd3 22. Qd4 Rxe1+ 23. Nxe1 Nxc1 24. Qd2 d5 25. Qxc1 dxc4 26. bxc4 Qd4 27. Nf3 Qxc4 0-1

[Event "*** SCC Grand Prix: Titled Tuesday Blitz"]
[Site "Chess.com"]
[Date "2020.09.08"]
[Round "10"]
[White "Zmof"]
[Black "WPWPWP-2015"]
[Result "0-1"]
[WhiteElo "2230"]
[BlackElo "2419"]
[TimeControl "180+1"]
[EndTime "11:54:18 PDT"]
[Termination "WPWPWP-2015 won by resignation"]

1. e4 c5 2. Nf3 d6 3. Bb5+ Nd7 4. Ba4 Nf6 5. c3 a6 6. d4 cxd4 7. cxd4 b5 8. Bc2 Bb7 9. Qe2 e5 10. O-O Be7 11. Bg5 O-O 12. Nc3 b4 13. Nd5 Nxd5 14.
exd5 Bxg5 15. dxe5 Nxe5 16. Nxg5 Qxg5 17. f4 Qg4 18.
Qe4 Ng6 19. h3 Qh4 20. Rae1 a5 21. Kh2 Ba6 22. g3 Qf6 23. Rf2 h6 24. h4 Rfc8 25.
Kh3 Bb5 26. h5 Re8 27. hxg6 Rxe4 28. gxf7+ Qxf7 29. Bxe4 Re8 30. Rf3 Rxe4 31. Rxe4 Qf5+ 0-1

[Event "*** SCC Grand Prix: Titled Tuesday Blitz"]
[Site "Chess.com"]
[Date "2020.09.08"]
[Round "10"]
[White "FMalexhdez"]
[Black "AsaHoffmann"]
[Result "0-1"]
[WhiteElo "2210"]
[BlackElo "2379"]
[TimeControl "180+1"]
[EndTime "11:54:28 PDT"]
[Termination "AsaHoffmann won by resignation"]

1. e4 d6 2. d4 Nf6 3. Nc3 c6 4. Nf3 Bg4 5. Be2 e6 6. h3 Bh5 7.
Be3 d5 8. e5 Nfd7 9. Qd2 c5 10.
g4 Bg6 11. h4 h5 12. gxh5 Bxh5 13. O-O-O Nc6 14. Ng5 cxd4 15. Bxh5 Rxh5 16. Bxd4 Be7 17. Qf4 Rxg5 18. hxg5 Bxg5 19. Rh8+ Nf8 20. Be3 Bxf4 21. Bxf4 Qa5 22. Rg1 O-O-O 23. Rxg7 Ng6 24. Rxd8+ Qxd8 25. Bg3 Ncxe5 26. Nb5 a6 27. Nd4 Qg5+ 28. Kb1 Qd2 29. Rg8+ Kd7 30. a3 Qxd4 0-1

[Event "*** SCC Grand Prix: Titled Tuesday Blitz"]
[Site "Chess.com"]
[Date "2020.09.08"]
[Round "10"]
[White "VerdeNotte"]
[Black "Koksik_13"]
[Result "0-1"]
[WhiteElo "2823"]
[BlackElo "2680"]
[TimeControl "180+1"]
[EndTime "11:54:31 PDT"]
[Termination "Koksik_13 won by resignation"]

1. d4 e6 2. e4 d5 3. e5 c5 4. c3 Qb6 5. Nf3 Nc6 6. Bd3 cxd4 7.
O-O Bd7 8. Re1 Nh6 9. a3 Rc8 10. b4 dxc3 11. Be3 d4 12. Bxh6 gxh6 13. Re4 Bg7 14. b5 Na5 15. Rxd4 Bxb5 16. Bc2 O-O 17.
Rd6 Rfd8 18. Bxh7+ Kh8 19. Rxd8+ Rxd8 20. Qc2 Ba4 21.
Qxa4 Qb2 22. h4 Kxh7 23. Qxa5 c2 24. Qxd8 c1=Q+ 25. Kh2 Qf4+ 26. Kh3 Qxa1 0-1

[Event "*** SCC Grand Prix: Titled Tuesday Blitz"]
[Site "Chess.com"]
[Date "2020.09.08"]
[Round "10"]
[White "nrvisakh"]
[Black "JesseKraai"]
[Result "1-0"]
[WhiteElo "2748"]
[BlackElo "2525"]
[TimeControl "180+1"]
[EndTime "11:54:37 PDT"]
[Termination "nrvisakh won by resignation"]

1. e4 d6 2. d4 Nf6 3. Nc3 e5 4. Nf3 Nbd7 5. a4 Be7 6. Bc4 O-O 7. O-O c6 8. Re1 b6 9. h3 a6 10. Ba2 Bb7 11. Be3 b5 12. Bg5 h6 13. Bxf6 Bxf6 14.
Ne2 Qe7 15. Ng3 g6 16. c3 Bg7 17.
Bb3 Rab8 18. axb5 axb5 19. Qc2 Ra8 20. Rad1 Kh7 21. dxe5 dxe5 22. Qe2 Nc5 23. Bc2 Bc8 24. Qe3 Be6 25. Nf5 Bxf5 26. exf5 Ra2 27. Rd2 Na4 28.
b3 Nb2 29. Bb1 1-0

[Event "*** SCC Grand Prix: Titled Tuesday Blitz"]
[Site "Chess.com"]
[Date "2020.09.08"]
[Round "10"]
[White "HrvojeZagreb"]
[Black "Alindsay211"]
[Result "1-0"]
[WhiteElo "2179"]
[BlackElo "2285"]
[TimeControl "180+1"]
[EndTime "11:54:37 PDT"]
[Termination "HrvojeZagreb won by resignation"]

1. d4 d5 2. Bf4 Nf6 3. e3 g6 4.
h4 h5 5. Nc3 Bg7 6. Nf3 Bg4 7.
Qd2 Nbd7 8. Ne5 Nxe5 9. Bxe5 c6 10. f3 Be6 11. O-O-O b5 12. Ne2 O-O 13. Nf4 Qd7 14.
g4 hxg4 15. h5 gxh5 16. Nxh5 gxf3 17. Nxg7 Kxg7 18. e4 1-0

[Event "*** SCC Grand Prix: Titled Tuesday Blitz"]
[Site "Chess.com"]
[Date "2020.09.08"]
[Round "10"]
[White "LuisFSiles"]
[Black "Off-War"]
[Result "1-0"]
[WhiteElo "2359"]
[BlackElo "2620"]
[TimeControl "180+1"]
[EndTime "11:54:42 PDT"]
[Termination "LuisFSiles won on time"]

1. e4 c5 2. c3 d6 3. d4 Nf6 4. f3 d5 5. dxc5 e5 6. b4 Nc6 7.
Bg5 Be6 8. Nd2 Be7 9. b5 Na5 10. Qa4 O-O 11. c6 1-0

[Event "*** SCC Grand Prix: Titled Tuesday Blitz"]
[Site "Chess.com"]
[Date "2020.09.08"]
[Round "10"]
[White "AntonovaNadezhda"]
[Black "SophieNikoladze"]
[Result "0-1"]
[WhiteElo "2061"]
[BlackElo "2242"]
[TimeControl "180+1"]
[EndTime "11:54:45 PDT"]
[Termination "SophieNikoladze won by resignation"]

1. Nf3 b5 2. d4 Bb7 3. Nbd2 e6 4. e4 a6 5. Bd3 c5 6. c3 Nf6 7. O-O d6 8. Qe2 Be7 9. e5 Nfd7 10. exd6 Bxd6 11.
Ne4 Be7 12. dxc5 Nxc5 13. Nxc5 Bxc5 14. Rd1 Qe7 15. Bg5 Qc7 16. Bxb5+ axb5 17. Rd8+ Qxd8 18. Bxd8 Kxd8 19. Rd1+ Kc7 20. Qxb5 Bb6 21. Ne5 Ra5 22. Rd7+ Nxd7 23. Qxd7+ Kb8 24. Nxf7 Rd5 25. Qxd5 Bxd5 26. Nxh8 e5 27. h4 Bxa2 28. Kh2 Kc7 29. Kg3 Kd7 30. f3 Ke7 31. Kg4 Be6+ 32. Kg5 Be3+ 33. Kh5 Kf8 34. Ng6+ hxg6+ 35. Kxg6 Bc1 36. b4 Bd2 37. b5 Bxc3 38.
b6 Bd5 39. Kf5 Bd4 40. h5 Kf7 41. f4 e4 42. g4 e3 43. g5 e2 44. g6+ Ke7 45. h6 gxh6 0-1

[Event "*** SCC Grand Prix: Titled Tuesday Blitz"]
[Site "Chess.com"]
[Date "2020.09.08"]
[Round "10"]
[White "DenLaz"]
[Black "Shubinkirill2003"]
[Result "1-0"]
[WhiteElo "2779"]
[BlackElo "2650"]
[TimeControl "180+1"]
[EndTime "11:54:49 PDT"]
[Termination "DenLaz won by resignation"]

1. d4 e6 2. c4 Nf6 3. Nf3 Bb4+ 4. Bd2 a5 5. g3 d6 6. Bg2 Nbd7 7. O-O e5 8. Nc3 O-O 9. a3 Bxc3 10. Bxc3 Ne4 11. Qc2 Nxc3 12. Qxc3 Re8 13. dxe5 Nxe5 14. b4 Qf6 15. Nxe5 Qxe5 16. Qxe5 Rxe5 17. e3 Kf8 18. Rfd1 Ke7 19. Re1 axb4 20. axb4 Rxa1 21. Rxa1 Be6 22. Rc1 c6 23. Rc3 Bf5 24. f3 g5 25. Kf2 Re6 26.
Ra3 Kd7 27. e4 1-0

[Event "*** SCC Grand Prix: Titled Tuesday Blitz"]
[Site "Chess.com"]
[Date "2020.09.08"]
[Round "10"]
[White "OminousOmen"]
[Black "kirillshevchenko"]
[Result "1-0"]
[WhiteElo "2956"]
[BlackElo "2867"]
[TimeControl "180+1"]
[EndTime "11:54:52 PDT"]
[Termination "OminousOmen won by resignation"]

1. d4 Nf6 2. c4 g6 3. Nc3 Bg7 4. e4 d6 5. f4 O-O 6. Nf3 c5 7. d5 b5 8. cxb5 a6 9. a4 axb5 10. Bxb5 Ba6 11. Rb1 Ne8 12. O-O Nc7 13. e5 Nd7 14. e6 Nf6 15. Bxa6 Rxa6 16. exf7+ Rxf7 17. Ng5 Rf8 18. f5 Qa8 19. fxg6 hxg6 20. Qd3 Ncxd5 21.
Nxd5 Nxd5 22. Rxf8+ Kxf8 23. Qxg6 Kg8 24. Ne6 1-0

[Event "*** SCC Grand Prix: Titled Tuesday Blitz"]
[Site "Chess.com"]
[Date "2020.09.08"]
[Round "10"]
[White "RaunakSadhwani2005"]
[Black "frederiksvane"]
[Result "1-0"]
[WhiteElo "2852"]
[BlackElo "2679"]
[TimeControl "180+1"]
[EndTime "11:54:52 PDT"]
[Termination "RaunakSadhwani2005 won by resignation"]

1. e4 c5 2. Na3 g6 3. c3 Bg7 4. Nf3 Nf6 5. e5 Nd5 6. d4 cxd4 7. Qxd4 Nc7 8. Qh4 Nc6 9. Bh6 Kf8 10. O-O-O Ne8 11. Bc4 e6 12. Bxg7+ Kxg7 13. Qf4 f6 14. Nb5 fxe5 15. Nxe5 Qf6 16. Qxf6+ Nxf6 17. Nxc6 bxc6 18. Nd6 Ne8 19. Nxc8 Rxc8 20. Rxd7+ Kf6 21. Re1 Nc7 22. Rd6 c5 23. Bxe6 Rcd8 24. Rc6 Nxe6 25. Rcxe6+ Kg5 26. R6e5+ Kh6 27. Rxc5 Rhf8 28. Re2 Rf7 29. Rc4 Rfd7 30. Rd4 Rxd4 31. cxd4 Rxd4 32. b3 Kg5 33. Kc2 h5 34. Kc3 Rd1 35. Rd2 Rf1 36. b4 h4 37. b5 Kf4 38. a4 g5 39. a5 Ra1 40. b6 axb6 41.
axb6 Ra8 42. b7 Rb8 43. Rb2 g4 44. Kd4 g3 45. hxg3+ hxg3 46. fxg3+ Kxg3 47. Kc5 Kf4 48. Kb6 Kg3 49. Ka7 Rxb7+ 50. Kxb7 1-0

[Event "*** SCC Grand Prix: Titled Tuesday Blitz"]
[Site "Chess.com"]
[Date "2020.09.08"]
[Round "10"]
[White "FlamingPhoenix123"]
[Black "gui_borba"]
[Result "1-0"]
[WhiteElo "2565"]
[BlackElo "2420"]
[TimeControl "180+1"]
[EndTime "11:54:52 PDT"]
[Termination "FlamingPhoenix123 won by resignation"]

1. e4 c5 2. Nf3 e6 3. d4 cxd4 4. Nxd4 Nf6 5. Nc3 d6 6. g4 Nc6 7. g5 Nd7 8. Be3 Be7 9. h4 O-O 10. Qh5 a6 11. O-O-O Re8 12. f4 Bf8 13. Be2 Nxd4 14.
Bxd4 e5 15. Be3 exf4 16. Bxf4 Ne5 17. Bxe5 Rxe5 18. Bc4 Be6 19. Bxe6 fxe6 20. Rhf1 Qe8 21. Qf3 b5 22. Rd2 b4 23. Ne2 Rc5 24. Nd4 g6 25. Qb3 Re5 26. Rf6 Rxe4 27. Nxe6 Kh8 28. Rxf8+ Qxf8 29. Nxf8 Rxf8 1-0

[Event "*** SCC Grand Prix: Titled Tuesday Blitz"]
[Site "Chess.com"]
[Date "2020.09.08"]
[Round "10"]
[White "m_ezat"]
[Black "Beca95"]
[Result "1-0"]
[WhiteElo "2637"]
[BlackElo "2904"]
[TimeControl "180+1"]
[EndTime "11:54:54 PDT"]
[Termination "m_ezat won by resignation"]

1. d4 Nf6 2. c4 c5 3. d5 e6 4. Nc3 exd5 5. cxd5 d6 6. e4 g6 7.
f4 Bg7 8. Bb5+ Nfd7 9. Be2 Qh4+ 10. g3 Qd8 11. Nf3 O-O 12. O-O Nb6 13. a4 Bg4 14. a5 Bxf3 15. Bxf3 N6d7 16. Nb5 Qe7 17. Nc7 Na6 18.
Nxa8 Rxa8 19. Qb3 Nb4 20. Bd2 h5 21. Rae1 h4 22. Kg2 Kh7 23. Bc3 Rh8 24. Bxg7 Kxg7 25. Qc3+ f6 26. Bg4 Nf8 27. e5 Nxd5 28. Qc4 Nc7 29.
exd6 Qxd6 30. Rd1 Qc6+ 31. Bf3 Qa6 32. Qxc5 Nce6 33. Qe7+ Kh6 34. Qxf6 h3+ 35. Kh1 Rh7 36. g4 Rc7 37. Qh8+ Nh7 38. g5+ Nxg5 39. fxg5+ Kxg5 40. Qe5+ Kh6 41. Qxc7 1-0

[Event "*** SCC Grand Prix: Titled Tuesday Blitz"]
[Site "Chess.com"]
[Date "2020.09.08"]
[Round "10"]
[White "bazar-wokzal"]
[Black "ItsCheckM8Mate"]
[Result "1/2-1/2"]
[WhiteElo "2471"]
[BlackElo "2338"]
[TimeControl "180+1"]
[EndTime "11:54:54 PDT"]
[Termination "Game drawn by agreement"]

1. e4 e5 2. Bc4 Nc6 3. f4 Nf6 4. Nc3 Nxe4 5. Nf3 Nxc3 6. dxc3 Bc5 7. Bxf7+ Kxf7 8. Qd5+ Ke8 9. Qxc5 d6 10. Qe3 Qe7 11. fxe5 Nxe5 12. Nxe5 Qxe5 13. Qxe5+ dxe5 14. O-O Be6 15.
Bg5 Rf8 16. Rae1 Rxf1+ 17. Kxf1 Kd7 18. Rxe5 Rf8+ 19. Ke2 Rf5 20. Rxf5 Bxf5 21. Kd2 h5 22. c4 Be4 23. g3 Bf5 24. b4 a6 25. c5 c6 26. c4 Bb1 27. a3 Bf5 28. Ke3 Bb1 29. Kd4 g6 30. a4 Bc2 31. a5 Bb1 32. Ke5 Bd3 33. Kf6 Kc8 34. Bf4 Kd7 35. Be5 Kc8 36.
h3 Kd7 37. g4 hxg4 38. hxg4 Kc8 1/2-1/2

[Event "*** SCC Grand Prix: Titled Tuesday Blitz"]
[Site "Chess.com"]
[Date "2020.09.08"]
[Round "10"]
[White "dachessmandan"]
[Black "suyu28"]
[Result "0-1"]
[WhiteElo "2410"]
[BlackElo "2562"]
[TimeControl "180+1"]
[EndTime "11:54:56 PDT"]
[Termination "suyu28 won by checkmate"]

1. e4 c5 2. Nf3 d6 3. d4 cxd4 4. Nxd4 Nf6 5. Nc3 g6 6. Bc4 Bg7 7. Bb3 O-O 8. f3 Nc6 9. Be3 Bd7 10. Qd2 Rc8 11. O-O-O Nxd4 12. Bxd4 b5 13. Nd5 Nxd5 14.
Bxg7 Kxg7 15. exd5 a5 16. c3 b4 17. Qd4+ Kg8 18. Kb1 a4 19. Bc2 bxc3 20. h4 Rb8 21. b3 axb3 22. axb3 Qa5 23. h5 Ra8 24. Bxg6 Qa2+ 25.
Kc1 Qb2# 0-1

[Event "*** SCC Grand Prix: Titled Tuesday Blitz"]
[Site "Chess.com"]
[Date "2020.09.08"]
[Round "10"]
[White "ARMQUEEN"]
[Black "Iskusnyh"]
[Result "0-1"]
[WhiteElo "2454"]
[BlackElo "2583"]
[TimeControl "180+1"]
[EndTime "11:54:58 PDT"]
[Termination "Iskusnyh won by resignation"]

1. e4 e6 2. d4 d5 3. Bd3 c5 4. exd5 exd5 5. c3 Nc6 6. Ne2 Nf6 7. O-O Bd6 8. h3 O-O 9. Bc2 h6 10. Ng3 Re8 11. Be3 Bxg3 12. Bxh6 Bd6 13. Bg5 cxd4 14.
cxd4 Nb4 15. Bb3 Bf5 16. Nc3 Be7 17. a3 Nc6 18. Qd2 Ne4 19. Nxe4 Bxe4 20. Bf4 Bf6 21. Be3 Qb6 22. Ba4 Re6 23. Rfd1 Na5 24. Rac1 Nb3 25. Bxb3 Qxb3 26. Rc3 Qb6 27. f3 Bg6 28. Bf2 Rae8 29. Qf4 Re2 30. Bh4 Bxh4 31. Qxh4 Qxb2 0-1

[Event "*** SCC Grand Prix: Titled Tuesday Blitz"]
[Site "Chess.com"]
[Date "2020.09.08"]
[Round "10"]
[White "ExcitingTrap"]
[Black "woodpusher52"]
[Result "0-1"]
[WhiteElo "2295"]
[BlackElo "2445"]
[TimeControl "180+1"]
[EndTime "11:54:58 PDT"]
[Termination "woodpusher52 won by resignation"]

1. e4 e5 2. Nf3 Nc6 3. Bc4 Bc5 4. c3 Nf6 5. d3 a6 6. Bb3 d6 7.
Nbd2 O-O 8. h3 h6 9. Nf1 Be6 10. Ng3 d5 11. O-O Qd7 12. Kh2 Nh7 13. d4 exd4 14.
cxd4 Ba7 15. e5 f6 16. exf6 Nxf6 17. Be3 Rad8 18. Nh4 g5 19. Ng6 Rfe8 20. Nh5 Qf7 21. Nxf6+ Qxf6 22. Qh5 Bf7 23. Bc2 Kg7 24. f4 Bxg6 25.
fxg5 Qd6+ 26. Bf4 Bxh5 27. Bxd6 Rxd6 28. gxh6+ Kxh6 29. g4 Bg6 30. Bxg6 Kxg6 31. Rae1 Rxe1 32. Rxe1 Bxd4 0-1

[Event "*** SCC Grand Prix: Titled Tuesday Blitz"]
[Site "Chess.com"]
[Date "2020.09.08"]
[Round "10"]
[White "lelya96"]
[Black "Wilver92"]
[Result "0-1"]
[WhiteElo "2151"]
[BlackElo "2387"]
[TimeControl "180+1"]
[EndTime "11:54:58 PDT"]
[Termination "Wilver92 won by resignation"]

1. e4 e6 2. d4 d5 3. Nc3 Bb4 4. Ne2 Nf6 5. a3 Be7 6. exd5 Nxd5 7. g3 c5 8. Bg2 cxd4 9. Qxd4 Bf6 10. Qa4+ Bd7 11.
Qb3 Bc6 12. O-O O-O 13. Nxd5 exd5 14. c3 Nd7 15. Bf4 Nc5 16. Qc2 Ne4 17. Rad1 Qb6 18. Be3 Qc7 19. Bf4 Qc8 20. Nd4 Re8 21. Rfe1 Nc5 22.
Rxe8+ Qxe8 23. Qd2 Ne6 24. Re1 Bxd4 25. cxd4 Qd8 26.
Be5 Qb6 27. Bh3 Re8 28. Rc1 f6 29. Bd6 Nxd4 30. Bg2 Ne2+ 0-1

[Event "*** SCC Grand Prix: Titled Tuesday Blitz"]
[Site "Chess.com"]
[Date "2020.09.08"]
[Round "10"]
[White "Manukyan_Artak"]
[Black "kidagent"]
[Result "1-0"]
[WhiteElo "2392"]
[BlackElo "2278"]
[TimeControl "180+1"]
[EndTime "11:55:04 PDT"]
[Termination "Manukyan_Artak won by resignation"]

1. e4 c5 2. Nf3 d6 3. Bb5+ Nc6 4.
O-O g6 5. c3 Bd7 6. d4 Bg7 7.
d5 Ne5 8. Bxd7+ Nxd7 9. Bg5 Ngf6 10. Re1 O-O 11. Qd2 b5 12. Bh6 c4 13. Nd4 a6 14. Nc6 Qe8 15. Bxg7 Kxg7 16. a4 e5 17. Na3 Nc5 18. axb5 Nb3 19. Qe2 Nxa1 20. Rxa1 axb5 21.
Re1 Nd7 22. Nxb5 Nb6 23. Nxd6 Qd7 24. Nxc4 Nxc4 25. Qxc4 Qd6 26. b4 Rfc8 27. Qc5 Qxc5 28.
bxc5 Rxc6 29. dxc6 Rc8 30. Rd1 Rxc6 31. Rd5 f6 32.
Kf1 Kf7 33. Ke2 Ra6 34. Kd3 Ra2 35. c6 Ra6 36. Rc5 Ra8 37. c7 Rc8 38. Kc4 Ke6 39.
Kb5 Kd7 40. Kb6 Ra8 41. Rd5+ Ke7 42. Kb7 1-0

[Event "*** SCC Grand Prix: Titled Tuesday Blitz"]
[Site "Chess.com"]
[Date "2020.09.08"]
[Round "10"]
[White "albi1999"]
[Black "aNaartjieZA"]
[Result "1-0"]
[WhiteElo "2631"]
[BlackElo "2489"]
[TimeControl "180+1"]
[EndTime "11:55:06 PDT"]
[Termination "albi1999 won by resignation"]

1. d4 Nf6 2. c4 c5 3. d5 e5 4. Nc3 d6 5. e4 Nbd7 6. Nf3 Be7 7. g3 h5 8. Bg2 a6 9. a4 Rb8 10.
h4 b5 11. axb5 axb5 12. cxb5 c4 13. Qe2 Qc7 14. Nd2 Nb6 15. O-O Bg4 16. f3 Bd7 17. Ndb1 Rc8 18. Be3 Nh7 19. Qf2 Rb8 20. Nd2 Bd8 21. f4 exf4 22. Bxf4 Nf6 23. e5 Ng4 24.
exd6 Qc8 25. Rae1+ Kf8 26. Qe2 Bf6 27. Bg5 Qd8 28.
Qe7+ Bxe7 29. dxe7+ Qxe7 30. Bxe7+ Kg8 31. Bd6 Rc8 32.
Nde4 Rh6 33. Bf4 Rg6 34. Nf2 Nxf2 35. Kxf2 Bf5 36. d6 Bd3 37. Rg1 Rd8 38. Bc6 Rgxd6 39. Bxd6 Rxd6 40. Re8+ Kh7 41. Be4+ g6 42. Bxd3 cxd3 43.
Rd1 1-0

[Event "*** SCC Grand Prix: Titled Tuesday Blitz"]
[Site "Chess.com"]
[Date "2020.09.08"]
[Round "10"]
[White "AniJak"]
[Black "AlexSuv"]
[Result "1/2-1/2"]
[WhiteElo "2385"]
[BlackElo "2535"]
[TimeControl "180+1"]
[EndTime "11:55:06 PDT"]
[Termination "Game drawn by agreement"]

1. e4 c5 2. Nc3 e6 3. g3 Nc6 4.
Bg2 g6 5. d3 Bg7 6. Be3 Nd4 7.
Qd2 Ne7 8. Nd1 O-O 9. c3 Ndc6 10. Bxc5 d5 11. exd5 exd5 12. Ne2 Re8 13. O-O b6 14. Be3 Bg4 15. h3 Bxe2 16. Qxe2 Nf5 17. Qd2 Nxe3 18. fxe3 Qg5 19. Qf2 Re7 20. h4 Qe5 21. e4 d4 22.
cxd4 Nxd4 23. Ne3 Ne6 24. Nd5 Rd7 25. Rac1 Qxb2 26. Qxb2 Bxb2 27. Kh2 Bxc1 28. Nf6+ Kg7 29. Nxd7 Bb2 30. Rb1 Bd4 31. e5 Rd8 32. Bc6 Rc8 33. Be4 Rc7 34. Nb8 Bxe5 35. Nc6 Bf6 36. a4 Nd4 37.
Nxd4 Bxd4 38. Rf1 Rc2+ 39. Kh3 f5 40. Bd5 Rd2 41. Bc4 Re2 42. Rb1 Re3 43. Kg2 Be5 44. a5 Rxg3+ 45. Kf2 bxa5 46. Rb7+ Kf6 47. Rxh7 g5 48.
Rf7+ Kg6 49. Re7 Bf4 50. hxg5 Rxg5 51. Rxa7 1/2-1/2

[Event "*** SCC Grand Prix: Titled Tuesday Blitz"]
[Site "Chess.com"]
[Date "2020.09.08"]
[Round "10"]
[White "giantslayer83"]
[Black "ChessicallyInclined"]
[Result "1-0"]
[WhiteElo "2706"]
[BlackElo "2554"]
[TimeControl "180+1"]
[EndTime "11:55:07 PDT"]
[Termination "giantslayer83 won by resignation"]

1. d4 Nf6 2. Bg5 e6 3. Nd2 h6 4.
Bh4 d5 5. e3 Be7 6. Bd3 Nbd7 7.
Ngf3 c5 8. c3 O-O 9. O-O b6 10.
a4 Bb7 11. Qb1 a5 12. Bb5 Ne8 13. Bxe7 Qxe7 14. b4 cxb4 15. cxb4 Nd6 16. Bxd7 Qxd7 17. bxa5 bxa5 18. Ne5 Qd8 19. Rc1 Rb8 20. Qd3 Ne4 21. Nxe4 dxe4 22. Qa3 Bd5 23. Rab1 Rxb1 24. Rxb1 Qc7 25.
Rc1 Qb7 26. h3 Rb8 27. Qd6 Qb4 28. Qc7 Rb7 29. Qd8+ Kh7 30. Rc8 1-0